 Dungeon Crawl Stone Soup version 0.26.1-11-gd32895ea62 (webtiles) character file.

Game seed: 13063314866139516731

675804 Tirrikindir the Conqueror (level 27, -41/224 HPs)
             Began as a Formicid Fighter on May 26, 2021.
             Was the Champion of Dithmenos.
             Killed from afar by a storm dragon (51 damage)
             ... with a bolt of lightning
             ... on level 5 of the Realm of Zot.
             The game lasted 04:46:46 (65045 turns).

Tirrikindir the Conqueror (Formicid Fighter)       Turns: 65045, Time: 04:46:47

Health: -41/224    AC: 50    Str: 30    XL:     27
Magic:  34/34      EV: 14    Int:  3    God:    Dithmenos [******]
Gold:   8284       SH:  0    Dex: 26    Spells: 26/26 levels left

rFire    + + +     SeeInvis +   J - +18 lance "Wyrmbane" {slay drac, rPois rF+ rC+ AC+3}
rCold    + + +     Faith    .   G - +10 tower shield of Ignorance {rN+ Int-4}
rNeg     + + .     Spirit   .   L - +11 gold dragon scales
rPois    +         Reflect  .   (helmet unavailable)
rElec    .         Harm     .   z - +2 cloak {rPois}
rCorr    .         Rampage  .   V - +2 pair of gloves {Dex+3}
Will     +....                  g - +2 pair of boots
Stlth    ..........             E - amulet "Pauh" {rF+ rC- Regen+ Dex+3 Slay+3}
HPRegen  0.87/turn              B - ring "Faza Kat" {rC++ rN+}
MPRegen  0.24/turn              R - ring "Xeoliuxt" {rF++ AC+4 Dex+7 Slay+3}

@: confused, weak-willed, wreathed by umbra, constricted
A: permanent stasis, dig shafts and tunnels, four strong arms, antennae 3,
molten scales 1, thin skeletal structure 1, blurry vision 2, clumsy 1, deformed
body, dopey 1, fire resistance 1, frail 1, low mp 1, sense surroundings 1,
screaming 1
}: 3/15 runes: barnacled, silver, gossamer
a: Dig, Shaft Self, Renounce Religion, Shadow Step, Shadow Form


You were on level 5 of the Realm of Zot.
You worshipped Dithmenos.
Dithmenos was exalted by your worship.
You visited 12 branches of the dungeon, and saw 54 of its levels.
You visited 1 bazaar.
You also visited: Ice Cave and Wizlab.

You collected 9652 gold pieces.
You spent 1368 gold pieces at shops.

Inventory:

Hand Weapons
 y - the +12 spear "Kyisy" {elec, +Fly rElec rC+++}
   (You bought it in a shop on level 5 of the Dungeon)

   Occasionally, upon striking a foe, it can discharge electrical energy and
   cause terrible harm.
   It renders you almost immune to cold.
   It insulates you from electricity.
   It lets you fly.
 J - the +18 lance "Wyrmbane" (weapon) {slay drac, rPois rF+ rC+ AC+3}
   (You acquired it on level 1 of the Realm of Zot)

   It affects your AC (+3).
   It protects you from fire.
   It protects you from cold.
   It protects you from poison.
Armour
 g - a +2 pair of boots (worn)
 z - a +2 cloak of poison resistance (worn)
 G - the +10 tower shield of Ignorance (worn) {rN+ Int-4}
   (You found it on level 2 of the Orcish Mines)

   It affects your intelligence (-4).
   It protects you from negative energy.
 L - +11 gold dragon scales (worn)
 V - a +2 pair of gloves of dexterity (worn)
Jewellery
 k - the ring "Duthrim" {rElec rC- rN+ Will+++ Slay+2}
   (You found it on level 3 of the Crypt)

   [ring of positive energy]

   It affects your accuracy and damage with ranged weapons and melee attacks
   (+2).
   It makes you vulnerable to cold.
   It insulates you from electricity.
   It protects you from negative energy.
   It affects your willpower, your defense against some magical effects.
 B - the ring "Faza Kat" (left hand) {rC++ rN+}
   (You found it on level 5 of the Vaults)

   [ring of positive energy]

   It greatly protects you from cold.
   It protects you from negative energy.
 E - the amulet "Pauh" (around neck) {rF+ rC- Regen+ Dex+3 Slay+3}
   (You took it off a hell knight on level 2 of the Depths)

   [amulet of regeneration]

   It affects your dexterity (+3).
   It affects your accuracy and damage with ranged weapons and melee attacks
   (+3).
   It protects you from fire.
   It makes you vulnerable to cold.
   It increases your rate of regeneration.
 R - the ring "Xeoliuxt" (right hand) {rF++ AC+4 Dex+7 Slay+3}
   (You acquired it on level 2 of the Spider Nest)

   [ring of protection]

   It affects your AC (+4).
   It affects your dexterity (+7).
   It affects your accuracy and damage with ranged weapons and melee attacks
   (+3).
   It greatly protects you from fire.
Wands
 e - a wand of enslavement (25)
 m - a wand of polymorph (36)
 o - a wand of disintegration (84)
 p - a wand of flame (65)
 C - a wand of iceblast (31)
 O - a wand of paralysis (70)
Scrolls
 b - 4 scrolls of summoning
 l - 27 scrolls of remove curse
 q - 4 scrolls of amnesia
 s - 9 scrolls of immolation
 t - 17 scrolls of fear
 D - a scroll of silence
 K - 5 scrolls of magic mapping
 N - 13 scrolls of fog
 P - 17 scrolls of identify
 Q - 3 scrolls of holy word
Potions
 a - 5 potions of invisibility
 d - 2 potions of might
 h - 7 potions of magic
 i - 17 potions of curing
 n - a potion of mutation
 r - 7 potions of ambrosia
 x - 2 potions of resistance
 H - 9 potions of brilliance
 I - 7 potions of cancellation
Miscellaneous
 v - a tin of tremorstones (2/2)
 w - a phial of floods
 A - a tin of tremorstones (2/2)
 F - the horn of Geryon
 M - a condenser vane (inert)
 S - a lightning rod (4/4)


   Skills:
 O Level 27 Fighting
 * Level 25.5 Polearms
 - Level 22.0 Armour
 - Level 12.0 Dodging
 - Level 8.0 Stealth
 + Level 21.8 Shields
 + Level 21.8 Invocations
 - Level 10.0 Evocations


You had 26 spell levels left.
You didn't know any spells.
Your spell library contained the following spells:

 Spells                   Type           Power        Failure   Level
 Animate Skeleton         Necr           0%           99%         1
 Apportation              Tloc           0%           99%         1
 Corona                   Hex            0%           99%         1
 Foxfire                  Conj/Fire      0%           99%         1
 Pain                     Necr           0%           99%         1
 Sandblast                Erth           0%           99%         1
 Shock                    Conj/Air       0%           99%         1
 Summon Small Mammal      Summ           0%           99%         1
 Corpse Rot               Necr/Air       N/A          100%        2
 Ensorcelled Hibernation  Hex/Ice        0%           100%        2
 Passwall                 Tmut/Erth      0%           100%        2
 Slow                     Hex            0%           100%        2
 Sublimation of Blood     Necr           0%           100%        2
 Confusing Touch          Hex            0%           100%        3
 Conjure Flame            Conj/Fire      0%           100%        3
 Dazzling Flash           Conj/Hex       0%           100%        3
 Gell's Gravitas          Tloc           0%           100%        3
 Ignite Poison            Fire/Tmut/Pois 0%           100%        3
 Inner Flame              Hex/Fire       0%           100%        3
 Lesser Beckoning         Tloc           0%           100%        3
 Portal Projectile        Hex/Tloc       0%           100%        3
 Static Discharge         Conj/Air       0%           100%        3
 Stone Arrow              Conj/Erth      0%           100%        3
 Teleport Other           Tloc           0%           100%        3
 Tukima's Dance           Hex            0%           100%        3
 Vampiric Draining        Necr           0%           100%        3
 Airstrike                Air            0%           100%        4
 Animate Dead             Necr           0%           100%        4
 Cause Fear               Hex            0%           100%        4
 Dispel Undead            Necr           0%           100%        4
 Fulminant Prism          Conj/Hex       0%           100%        4
 Ice Form                 Ice/Tmut       0%           100%        4
 Passage of Golubria      Tloc           N/A          100%        4
 Petrify                  Tmut/Erth      0%           100%        4
 Sticky Flame             Conj/Fire      0%           100%        4
 Summon Lightning Spire   Summ/Air       0%           100%        4
 Agony                    Necr           0%           100%        5
 Alistair's Intoxication  Tmut/Pois      0%           100%        5
 Bolt of Magma            Conj/Fire/Erth 0%           100%        5
 Borgnjor's Vile Clutch   Necr/Erth      0%           100%        5
 Excruciating Wounds      Necr           0%           100%        5
 Fireball                 Conj/Fire      0%           100%        5
 Irradiate                Conj/Tmut      0%           100%        5
 Iskenderun's Battlesphe  Conj           0%           100%        5
 Lee's Rapid Deconstruct  Erth           0%           100%        5
 Lightning Bolt           Conj/Air       0%           100%        5
 Metabolic Englaciation   Hex/Ice        0%           100%        5
 Silence                  Hex/Air        0%           100%        5
 Summon Demon             Summ           0%           100%        5
 Summon Forest            Summ/Tloc      0%           100%        5
 Summon Mana Viper        Hex/Summ       0%           100%        5
 Yara's Violent Unravell  Hex/Tmut       0%           100%        5
 Conjure Ball Lightning   Conj/Air       0%           100%        6
 Eringya's Noxious Bog    Tmut/Pois      0%           100%        6
 Freezing Cloud           Conj/Ice/Air   0%           100%        6
 Hydra Form               Tmut           0%           100%        6
 Invisibility             Hex            0%           100%        6
 Iron Shot                Conj/Erth      0%           100%        6
 Ozocubu's Refrigeration  Ice            0%           100%        6
 Shadow Creatures         Summ           N/A          100%        6
 Simulacrum               Ice/Necr       0%           100%        6
 Statue Form              Tmut/Erth      0%           100%        6
 Dragon Form              Tmut           0%           100%        7
 Orb of Destruction       Conj           0%           100%        7
 Spellforged Servitor     Conj/Summ      0%           100%        7
 Summon Hydra             Summ           0%           100%        7
 Discord                  Hex            0%           100%        8
 Ignition                 Fire           0%           100%        8
 Dragon's Call            Summ           0%           100%        9
 Shatter                  Erth           0%           100%        9
 Tornado                  Air            0%           100%        9
 Blink                    Tloc           Unusable     N/A         2
 Swiftness                Air            Unusable     N/A         2

Dungeon Overview and Level Annotations

Branches:
Dungeon (15/15)            Temple (1/1) D:4            Lair (6/6) D:10
 Shoals (4/4) Lair:3       Spider (4/4) Lair:3        Slime (0/5) Lair:5
    Orc (2/2) D:12            Elf (3/3) Orc:2        Vaults (5/5) D:14
  Crypt (3/3) Vaults:2       Tomb (0/3) Crypt:3      Depths (5/5) D:15
   Hell (visited)             Dis (0/7) Hell            Geh (0/7) Hell
    Coc (0/7) Hell            Tar (0/7) Hell            Zot (5/5) Depths:5
  IceCv (visited)          WizLab (visited)

Altars:
Ashenzari
Cheibriados
Dithmenos
Elyvilon
Fedhas
Gozag
Hepliaklqana
Kikubaaqudgha
Makhleb
Nemelex Xobeh
Okawaru
Qazlal
Ru
Sif Muna
Trog
Uskayaw
Vehumet
Wu Jian
Xom
Yredelemnul
Zin
The Shining One
Lugonu

Shops:
D:5 (   D:10 (   Orc:1 [   Orc:2 ?:?=   Shoals:1 (   Shoals:2 (   Vaults:2 [
Depths:2 [

Portals:
Hell: Depths:1 Depths:2 Depths:3 Depths:4 Depths:5
Abyss: Depths:1 Depths:2 Depths:4
Pandemonium: Depths:3 Depths:4
Ziggurat: Depths:3


Innate Abilities, Weirdness & Mutations

You cannot be hasted, slowed, berserked, paralysed or teleported.
You can dig through walls and to a lower floor.
Your four strong arms can wield two-handed weapons with a shield.
You have a pair of large antennae on your head. (SInv)
You are partially covered in molten scales. (AC +2)
You have a somewhat thin skeletal structure. (Dex +2, Stealth)
Scrolls take you longer to read.
You are clumsy. (Dex -2)
Armour fits poorly on your strangely shaped body.
You are dopey. (Int -2)
Your flesh is heat resistant. (rF+)
You are frail. (-10% HP)
Your magical capacity is low. (-10% MP)
You passively map a small area around you.
You occasionally shout uncontrollably at your foes.


Message History

The purple draconian monk looks even sicker.
The Orb Guardian is engulfed in poison gas.
The Orb Guardian looks as sick as possible!
The Orb Guardian hits you.
* * * LOW HITPOINT WARNING * * *
The Orb Guardian is engulfed in poison gas.
The Orb Guardian looks as sick as possible!
The yellow draconian knight is engulfed in poison gas.
The yellow draconian knight looks as sick as possible!
You puncture the Orb Guardian!
You kill the Orb Guardian!
Dithmenos accepts your kill.
The Orb Guardian is engulfed in poison gas.
The Orb Guardian looks as sick as possible! x2
The storm dragon is engulfed in poison gas.
The storm dragon looks as sick as possible!
The storm dragon breathes lightning at you.
The bolt of lightning hits the orb of fire.
The orb of fire completely resists.
The bolt of lightning hits you!!!
You die...

,,,^,,,,,,,,,*** ***,
,,,,,,,,,{**** ** ^***▓▓▓▓▓▓▓▓▓▓#
*** ,,,,.....^.{§§### ***,,
,,,,.....{##.qdd## **,,,,
,,,,.....,,###XqX###########,,,**
,,,,....,,,,*##XL§D2§§......,,***
,,,,.q{{,,{,* ##X*Ddd§§......** *
,,,,..,{,,,{* #@§qqq§§......* *
,,,,.,,,,,,,* ##Xqp§z§.....#* *
,,,,,,,,,,^,* #pXdd§§.☼...# *
,,,,,,,,,,,,* ##p§d§§......## *
,,,,,,,{,,,** #.p§§§§p......# *
,,,,,,,,,,** ##(......p.....#*
,,,,,,,,{** #...............*
*****#####▓▓▓▓########.########▓▓
#####....#....(.§#......#####...


You could see an orb of fire, 6 Killer Klowns, a tentacled monstrosity, 2
draconians, a yellow draconian knight (fast, icy armour, invisible, extremely
poisoned), a golden dragon, an ancient lich (fast), a storm dragon (extremely
poisoned, catching breath), a black draconian (poisoned), 2 draconians, 2
draconians, a red draconian (poisoned), a white draconian (very poisoned), a
curse toe, a hell beast (extremely poisoned), 5 Orb Guardians, a purple
draconian annihilator (poisoned) and 2 draconians.

Vanquished Creatures
  4 ancient liches
  4 orbs of fire
  Khufu (Crypt:2)
  Mara (Crypt:2)
  A juggernaut (Depths:5)
  2 royal mummies (Crypt:2)
  The ghost of hyperkahler the Slayer, a veteran MiFi of Cheibriados (Vaults:2)
  Sojobo (Depths:3)
  Bai Suzhen (Depths:2)
  3 Killer Klowns
  A caustic shrike (Depths:3)
  A curse toe (Zot:4)
  Geryon (Hell)
  15 golden dragons
  The ghost of Morgon the Warrior, an adept PaAK of Lugonu (Vaults:4)
  2 profane servitors (Crypt:3)
  4 hellephants
  4 electric golems
  15 tentacled monstrosities
  8 Orb Guardians (Zot:5)
  The ghost of Eruh the Deadly Accurate, an adept MiBe of Trog (Shoals:1)
  2 deep elf blademasters (Elf:3)
  6 liches
  7 quicksilver dragons
  4 titans
  2 deep elf master archers (Elf:3)
  7 sphinxes
  Polyphemus (Shoals:3)
  4 death cobs
  17 ancient champions
  Agnes (D:15)
  Frances (D:13)
  8 storm dragons
  5 revenants
  8 tengu reavers
  7 shadow dragons
  Donald (Vaults:4)
  Ilsuiw (Shoals:4)
  3 draconian monks
  19 fire giants
  6 draconian scorchers
  5 emperor scorpions
  11 frost giants
  9 deep elf sorcerers
  12 vault wardens
  4 iron dragons
  4 draconian knights
  7 ghost moths
  3 balrugs
  A draconian shifter (Zot:3)
  An orc warlord (Orc:2)
  5 ghouls
  2 caustic shrike skeletons
  25 very ugly things
  7 draconian stormcallers
  A caustic shrike zombie (D:14)
  7 spriggan defenders
  3 curse skulls
  14 ironheart preservers
  A draconian annihilator (Zot:1)
  The ghost of KittyFluff the Stickfighter, a journeyman GrBe of Trog (D:14)
  7 green draconians
  20 stone giants
  3 deep elf elementalists
  2 reapers
  2 war gargoyles
  11 vampire knights
  2 entropy weavers
  7 deep elf demonologists
  A lorocyproca (Hell)
  11 spark wasps
  2 spectral titans
  9 deep elf annihilators
  8 white draconians
  7 purple draconians
  4 red draconians
  9 black draconians
  7 yellow draconians
  3 quicksilver dragon zombies (Crypt:2)
  7 blizzard demons
  14 deep elf death magi
  A mummy priest (Hell)
  5 merfolk javelineers (Shoals:4)
  19 ettins
  6 eidola
  4 crystal guardians (Depths:3)
  15 jiangshi
  6 merfolk impalers
  4 deep elf high priests
  12 fire dragons
  18 yaktaur captains
  6 rakshasas
  A spectral tengu (D:14)
  6 great orbs of eyes
  8 hydras
  A monstrous demonspawn (Depths:4)
  29 vault guards
  A kraken zombie (Hell)
  2 hell beasts
  12 ice dragons
  13 centaur warriors
  Erica (Orc:1)
  2 merfolk aquamancers (Shoals:4)
  7 spriggan air magi
  18 ogre magi
  8 boulder beetles
  2 alligator snapping turtles
  A death knight (D:14)
  42 two-headed ogres
  3 catoblepae
  2 merfolk avatars
  10 vampire magi
  5 deep troll shamans
  2 satyrs
  24 dancing weapons
  7 hell hogs
  5 orc high priests
  6 death yaks
  2 tengu warriors
  A titan zombie (Crypt:3)
  The ghost of Diggabert the Spear-Bearer, a novice MfFi of Hepliaklqana (D:9)
  7 deep troll earth magi
  3 iron golems
  7 spriggan berserkers
  6 soul eaters
  16 hell knights
  6 sun demons
  The ghost of Zeld the Blocker, a novice OpFi of Okawaru (D:10)
  17 deep elf knights
  A spectral human (Vaults:4)
  A salamander mystic (Depths:3)
  6 iron trolls
  38 skeletal warriors
  A goliath frog (shapeshifter) (Vaults:5)
  3 shadow wraiths
  5 unseen horrors
  3 glowing orange brains
  5 large abominations (Elf:1)
  9 sea snakes
  An unseen horror (shapeshifter) (Depths:4)
  5 wizards
  4 anaconda zombies
  A ghost moth zombie (Crypt:2)
  15 deep elf archers
  An obsidian statue (Zot:4)
  4 orange crystal statues (Orc:2)
  7 flayed ghosts
  A shadow dragon zombie (Hell)
  22 deep trolls
  A sphinx zombie (Hell)
  16 ironbrand convokers
  15 phantasmal warriors
  2 iron dragon zombies (Crypt:2)
  2 tengu zombies (Hell)
  10 orc knights
  19 orb spiders
  16 harpies
  A spectral ettin (Vaults:4)
  24 fauns
  11 necromancers
  2 oklob plants (Lair:2)
  31 wolf spiders
  A wolf spider (shapeshifter) (Vaults:5)
  57 deep elf magi
  A moth of wrath (shapeshifter) (Zot:3)
  15 manticores
  A wolf spider zombie (Crypt:3)
  6 stone giant zombies
  A cyclops (shapeshifter) (Depths:2)
  2 frost giant zombies
  43 ugly things
  3 fire giant zombies
  5 orc sorcerers
  8 cyclopes
  23 elephants
  26 moths of wrath
  A manticore (shapeshifter) (Vaults:5)
  A dire elephant zombie (Crypt:2)
  2 salamanders (Depths:3)
  An iron dragon skeleton (Crypt:1)
  A frost giant skeleton (Depths:2)
  A guardian serpent (shapeshifter) (Depths:5)
  A shock serpent zombie (Crypt:1)
  12 vault sentinels
  2 stone giant skeletons
  2 rust devils
  13 merfolk sirens
  2 centaur zombies
  A water nymph (shapeshifter) (Vaults:5)
  9 water nymphs
  2 black mambas (Lair:6)
  3 torpor snails
  A catoblepas zombie (Crypt:3)
  A titan simulacrum (Crypt:3)
  7 smoke demons
  A gargoyle (D:14)
  Psyche (D:11)
  5 spectral swamp worms (Depths:5)
  Maggie (D:10)
  4 orange demons (Elf:2)
  12 cane toads
  11 demonic crawlers
  46 yaktaurs
  4 hellions
  A green draconian zombie (Crypt:3)
  11 freezing wraiths
  10 komodo dragons
  2 pale draconian zombies (Crypt:1)
  6 rime drakes
  2 komodo dragons (shapeshifter)
  7 ice devils
  A kobold demonologist (D:14)
  An efreet (D:13)
  6 guardian mummies
  3 red devils
  2 yaktaurs (shapeshifter)
  7 anaconda simulacra
  4 tengu conjurers
  4 hydra zombies
  A queen bee (shapeshifter) (Depths:3)
  A harpy zombie (Crypt:2)
  3 meliai (Lair:4)
  A hornet (shapeshifter) (Elf:2)
  A catoblepas skeleton (Crypt:1)
  6 trolls
  3 yaktaur skeletons
  19 hornets
  2 polar bears (shapeshifter)
  A shadow dragon simulacrum (Vaults:4)
  23 merfolk
  34 jumping spiders
  6 polar bears
  27 slime creatures
  Prince Ribbit (D:7)
  A fire dragon zombie (Crypt:2)
  7 wind drakes
  13 dream sheep
  2 hydra skeletons (Hell)
  An ice dragon zombie (Crypt:2)
  7 snapping turtles
  3 spriggan zombies
  2 stone giant simulacra
  The ghost of Zeld the Twirler, an amateur OpGl (D:3)
  A frost giant simulacrum (Vaults:4)
  6 blink frogs
  3 ettin zombies
  A tyrant leech zombie (Crypt:2)
  A fire giant simulacrum (D:14)
  4 shadows
  A deep troll skeleton (Depths:1)
  An orc simulacrum (Vaults:2)
  14 spriggans
  12 fire elementals
  A ynoxinul (Depths:4)
  7 air elementals
  28 tarantellas
  A dire elephant simulacrum (IceCv)
  7 vampires
  A hog (shapeshifter) (Vaults:5)
  50 redbacks
  8 water elementals
  9 wyverns
  6 wraiths
  2 ettin skeletons
  3 basilisks
  53 yaks
  A golden eye (shapeshifter) (D:14)
  A chaos spawn (Depths:4)
  2 spriggan simulacra
  2 harpy simulacra (IceCv)
  A wind drake skeleton (Crypt:3)
  An acid dragon (shapeshifter) (Vaults:3)
  2 acid dragons
  4 two-headed ogre zombies (WizLab)
  10 wargs
  3 iron troll simulacra (IceCv)
  A water nymph zombie (Crypt:3)
  3 cane toad zombies
  2 soldier ants
  7 water moccasins
  4 hydra simulacra
  7 hell hounds
  A gelid demonspawn skeleton (Crypt:2)
  A tengu skeleton (Depths:1)
  3 sky beasts
  5 black bears
  An ice beast (shapeshifter) (Vaults:3)
  43 orc warriors
  4 ice beasts
  A black bear (shapeshifter) (Vaults:1)
  An ettin simulacrum (IceCv)
  3 boggarts (Depths:1)
  A cane toad skeleton (Crypt:2)
  A hornet zombie (D:14)
  46 ogres
  An ice dragon simulacrum (D:14)
  4 wolves
  A lindwurm zombie (Crypt:3)
  5 phantoms
  A dream sheep zombie (Crypt:1)
  5 necrophages
  An orc skeleton (Vaults:2)
  23 centaurs
  2 snapping turtle skeletons
  A rime drake zombie (Crypt:1)
  A komodo dragon zombie (Crypt:1)
  5 elf zombies
  2 big kobolds (D:10)
  A rime drake skeleton (Crypt:1)
  2 yaktaur zombies (Hell)
  Blork the orc (D:13)
  15 bullfrogs
  A cyclops zombie (Crypt:2)
  A glowing shapeshifter simulacrum (Vaults:4)
  2 tengu simulacra
  2 earth elementals
  2 scorpions (Elf:2)
  66 killer bees
  A water moccasin skeleton (Crypt:3)
  An elephant simulacrum (IceCv)
  A troll skeleton (D:7)
  8 troll zombies
  A manticore simulacrum (Crypt:3)
  A shapeshifter zombie (Crypt:1)
  29 wights
  A spriggan skeleton (Crypt:2)
  An electric eel (Spider:1)
  6 howler monkeys
  5 crimson imps
  3 bullfrog zombies
  2 quasits
  5 centaur skeletons
  2 draconian simulacra (IceCv)
  3 human simulacra
  6 human zombies
  A bullfrog skeleton (D:12)
  6 hounds
  30 orc priests
  3 jellies
  34 orc wizards
  7 iron imps
  5 iguanas
  Natasha (thrice) (D:4)
  4 human skeletons
  4 worker ants
  8 hell rats
  3 polar bear simulacra (IceCv)
  2 troll simulacra (IceCv)
  A wolf simulacrum (IceCv)
  A killer bee zombie (D:6)
  6 ogre zombies
  2 centaur simulacra (IceCv)
  2 hound skeletons
  15 mummies
  Robin (D:3)
  3 worker ant zombies
  A gnoll (D:1)
  8 adders
  A howler monkey skeleton (D:4)
  2 naga simulacra (IceCv)
  An ogre simulacrum (IceCv)
  A shadow imp (D:6)
  11 white imps
  6 ufetubi
  3 oozes
  An adder zombie (D:7)
  2 adder skeletons (D:4)
  A worm (D:5)
  A dart slug (D:2)
  4 leopard geckos
  89 orcs
  3 giant cockroaches
  6 hobgoblins
  5 jackals
  4 quokkas
  5 bats
  4 frilled lizards
  18 goblins
  A hobgoblin zombie (Crypt:3)
  14 kobolds
  A leopard gecko skeleton (D:6)
  3 rats
  A rat zombie (Crypt:1)
  A bush (Bazaar)
2620 creatures vanquished.

Vanquished Creatures (collateral kills)
  2 Orb Guardians (Zot:5)
  An ettin (Zot:3)
  An ice dragon (Zot:3)
  A moth of wrath (Zot:3)
5 creatures vanquished.

Vanquished Creatures (others)
  Saint Roka (Depths:3)
  A lich (Depths:4)
  A fire giant (Depths:4)
  A spriggan defender (Depths:3)
  An ice dragon (Depths:4)
  A dancing weapon (Elf:1)
  An iron troll (Depths:3)
  A glowing orange brain (Depths:3)
  A deep elf mage (Elf:1)
  An orb spider (Spider:4)
  A demonic crawler (Spider:1)
  A jumping spider (Spider:3)
  A merfolk (Shoals:4)
  A redback (Spider:2)
  2 spriggans (Depths:3)
  2 ogres
  An orc priest (Depths:3)
  4 hell rats
  7 orcs
  2 bushes
  47 fungi
  354 plants
  9 tentacles (Hell)
442 creatures vanquished.

Grand Total: 3067 creatures vanquished

Notes
Turn   | Place    | Note
-------+----------+-------------------------------------------
     0 | D:1      | Tirrikindir the Formicid Fighter began the quest for the
                  | Orb.
     0 | D:1      | Reached XP level 1. HP: 18/18 MP: 1/1
    65 | D:1      | Reached XP level 2. HP: 14/24 MP: 2/2
   293 | D:1      | Reached XP level 3. HP: 5/29 MP: 3/3
  1485 | D:2      | Found a snail-covered altar of Cheibriados.
  1705 | D:2      | Reached XP level 4. HP: 37/37 MP: 4/4
  2091 | D:3      | Noticed Robin
  2106 | D:3      | Killed Robin
  2561 | D:3      | Found a runed translucent door.
  2568 | D:3      | Noticed Zeld's ghost (amateur OpGl)
  2845 | D:4      | Found a hazy altar of Hepliaklqana.
  2846 | D:4      | Found a bloodstained altar of Trog.
  2848 | D:4      | Found a shimmering altar of Xom.
  2849 | D:4      | Found a radiant altar of Vehumet.
  2850 | D:4      | Found a hide-covered altar of Uskayaw.
  2850 | D:4      | Found a shadowy altar of Dithmenos.
  2856 | D:4      | Reached XP level 5. HP: 42/42 MP: 5/5
  2863 | D:4      | Found a white marble altar of Elyvilon.
  2870 | D:4      | Became a worshipper of Dithmenos the Shadowed
  2873 | D:4      | Found a staircase to the Ecumenical Temple.
  2910 | D:4      | Reached skill level 4 in Fighting
  2918 | Temple   | Entered the Ecumenical Temple
  3282 | D:4      | Found a blossoming altar of Fedhas.
  3292 | D:4      | Reached skill level 1 in Invocations
  3292 | D:4      | Noticed a phantom
  3299 | D:4      | Reached skill level 1 in Evocations
  3309 | D:4      | Killed a phantom
  3310 | D:4      | Reached XP level 6. HP: 22/48 MP: 5/7
  3572 | D:4      | Noticed Natasha
  3586 | D:4      | Killed Natasha
  3799 | D:4      | Noticed Natasha
  3806 | D:4      | Killed Natasha
  3810 | D:4      | Noticed Natasha
  3815 | D:4      | Killed Natasha
  3816 | D:4      | Reached XP level 7. HP: 46/54 MP: 7/9
  4187 | D:4      | Reached skill level 5 in Shields
  4207 | D:4      | Found a shadowy altar of Dithmenos.
  4471 | D:5      | Entered Level 5 of the Dungeon
  4935 | D:5      | Found an opulent altar of Gozag.
  5237 | D:5      | Found Xifam's Antique Weapon Shoppe.
  5243 | D:5      | Bought a glimmering spear for 192 gold pieces
  5243 | D:5      | Identified the +12 spear "Kyisy" {elec, +Fly rElec rC+++}
                  | (You bought it in a shop on level 5 of the Dungeon)
  5260 | D:5      | Reached skill level 5 in Polearms
  5260 | D:5      | Reached XP level 8. HP: 57/60 MP: 11/11
  5517 | D:6      | Reached skill level 5 in Armour
  5608 | D:6      | Reached skill level 5 in Invocations
  5677 | D:6      | Reached * piety under Dithmenos
  5953 | D:6      | Found a white marble altar of Elyvilon.
  6184 | D:7      | Noticed Prince Ribbit
  6188 | D:7      | Killed Prince Ribbit
  6189 | D:7      | Reached XP level 9. HP: 62/65 MP: 13/13
  6336 | D:7      | Reached ** piety under Dithmenos
  6709 | D:7      | Found a basalt altar of Yredelemnul.
  6727 | D:7      | Reached skill level 10 in Polearms
  7068 | D:3      | Killed Zeld's ghost
  7069 | D:3      | Reached XP level 10. HP: 70/71 MP: 14/14
  7167 | D:8      | Reached skill level 1 in Dodging
  7167 | D:8      | Reached skill level 1 in Stealth
  7417 | D:8      | Noticed a two-headed ogre
  7431 | D:8      | Killed a two-headed ogre
  7508 | D:8      | Found a sparkling altar of Nemelex Xobeh.
  7740 | D:9      | Reached *** piety under Dithmenos
  7761 | D:9      | Found a glowing silver altar of Zin.
  7971 | D:9      | Noticed a two-headed ogre
  7980 | D:9      | Killed a two-headed ogre
  7981 | D:9      | Reached skill level 5 in Fighting
  7981 | D:9      | Reached XP level 11. HP: 36/79 MP: 16/16
  8088 | D:9      | Noticed a moth of wrath
  8089 | D:9      | Noticed a fire dragon
  8089 | D:9      | Noticed Diggabert's ghost (novice MfFi)
  8199 | D:9      | Found a transporter.
  8200 | D:9      | Noticed a four-headed hydra
  8308 | D:9      | Found a transporter.
  8367 | D:10     | Entered Level 10 of the Dungeon
  8367 | D:10     | Noticed a moth of wrath
  8369 | D:10     | Found a staircase to the Lair.
  8369 | D:10     | Noticed an elephant
  8369 | D:10     | Noticed Maggie
  8430 | D:10     | Noticed a two-headed ogre
  8443 | D:10     | Killed a two-headed ogre
  8448 | D:10     | Noticed a white ugly thing
  8458 | D:10     | Killed a white ugly thing
  8515 | D:10     | Killed Maggie
  8529 | D:10     | Killed an elephant
  8546 | D:10     | Reached **** piety under Dithmenos
  8677 | D:10     | Found a transporter.
  8678 | D:10     | Noticed Zeld's ghost (novice OpFi)
  8715 | D:10     | Found Bemaosuh's Weapon Shop.
  8731 | D:10     | Found a transporter.
  8753 | D:10     | Noticed an unseen horror
  8755 | D:10     | Killed an unseen horror
  9094 | D:11     | Reached skill level 6 in Fighting
  9211 | D:11     | Gained mutation: You are clumsy. (Dex -2) [potion of
                  | mutation]
  9211 | D:11     | Gained mutation: Your flesh is heat resistant. (rF+)
                  | [potion of mutation]
  9211 | D:11     | Gained mutation: You have a somewhat thin skeletal
                  | structure. (Dex +2, Stealth) [potion of mutation]
  9311 | D:11     | Reached XP level 12. HP: 88/88 MP: 17/17
  9541 | D:11     | Noticed Psyche
  9548 | D:11     | Killed Psyche
  9689 | D:12     | Noticed a two-headed ogre
  9696 | D:12     | Killed a two-headed ogre
  9768 | D:12     | Reached skill level 10 in Shields
  9812 | D:12     | Noticed a two-headed ogre
  9813 | D:12     | Noticed a two-headed ogre
  9830 | D:12     | Killed a two-headed ogre
  9834 | D:12     | Killed a two-headed ogre
  9839 | D:12     | Noticed an ogre mage
  9846 | D:12     | Noticed a two-headed ogre
  9850 | D:12     | Killed an ogre mage
  9858 | D:12     | Killed a two-headed ogre
  9886 | D:12     | Found a corrupted altar of Lugonu.
  9982 | D:12     | Found a staircase to the Orcish Mines.
 10031 | D:12     | Reached skill level 7 in Fighting
 10485 | D:13     | Noticed Frances
 10522 | D:13     | You fall into a shaft and drop 2 floors!
 10522 | D:15     | Entered Level 15 of the Dungeon
 10554 | D:15     | Noticed a centaur warrior
 10568 | D:15     | Killed a centaur warrior
 10569 | D:15     | Reached XP level 13. HP: 76/96 MP: 19/19
 10631 | D:15     | Reached ***** piety under Dithmenos
 10639 | D:15     | Reached skill level 10 in Armour
 10772 | D:14     | Noticed a six-headed hydra
 10790 | D:14     | Killed a six-headed hydra
 10845 | D:14     | Found a gate to the Vaults.
 10847 | D:14     | Noticed an ogre mage
 10872 | D:14     | Killed an ogre mage
 10939 | D:14     | Identified the +2 scale mail "Roracw" {Slay+6} (You found
                  | it on level 14 of the Dungeon)
 11155 | D:13     | Killed Frances
 11184 | D:13     | Reached skill level 8 in Fighting
 11289 | D:13     | Noticed Blork the orc
 11296 | D:13     | Killed Blork the orc
 11300 | D:13     | Found a shimmering blue altar of Sif Muna.
 11430 | D:13     | Identified a scroll of acquirement
 11430 | D:13     | Acquired the ring of the Magpie {rF+ rC- Int+3 Slay+4}
 11590 | D:13     | Noticed a centaur warrior
 11596 | D:13     | Killed a centaur warrior
 11786 | Lair:1   | Entered Level 1 of the Lair of Beasts
 11803 | Lair:1   | Got a polished chain mail
 11814 | Lair:1   | Identified the cursed +0 chain mail "Fudar" {Harm Int+2}
                  | (You found it on level 1 of the Lair of Beasts)
 11858 | Lair:1   | Reached XP level 14. HP: 105/105 MP: 21/21
 12452 | Lair:2   | Reached skill level 10 in Invocations
 13341 | Lair:3   | Found a staircase to the Shoals.
 13455 | Lair:3   | Reached skill level 5 in Stealth
 13471 | Lair:3   | Found a hole to the Spider Nest.
 14193 | Lair:4   | Reached skill level 9 in Fighting
 14203 | Lair:4   | Reached ****** piety under Dithmenos
 14530 | Lair:4   | Reached XP level 15. HP: 111/113 MP: 23/23
 15441 | Lair:5   | Found a gate leading to a gauntlet.
 16095 | Lair:5   | Found a staircase to the Slime Pits.
 16593 | D:14     | Found a runed translucent gate.
 16593 | D:14     | Noticed KittyFluff's ghost (journeyman GrBe)
 16594 | D:14     | Found a runed translucent gate.
 16604 | D:14     | Reached skill level 10 in Fighting
 16607 | D:14     | Found a runed translucent gate.
 16761 | D:14     | Found an ornate altar of the Wu Jian Council.
 17091 | D:9      | Killed Diggabert's ghost
 17109 | D:9      | Reached skill level 15 in Polearms
 17206 | D:10     | Killed Zeld's ghost
 17445 | D:14     | Killed KittyFluff's ghost
 17651 | D:15     | Noticed Agnes
 17660 | D:15     | Killed Agnes
 17709 | D:15     | Reached XP level 16. HP: 123/123 MP: 25/25
 17731 | D:15     | Found a staircase to the Depths.
 18051 | D:15     | Found a sacrificial altar of Ru.
 18452 | Lair:6   | Entered Level 6 of the Lair of Beasts
 18491 | Lair:6   | Reached skill level 5 in Evocations
 18668 | Lair:6   | Reached skill level 11 in Fighting
 18892 | Lair:6   | Reached skill level 5 in Dodging
 19585 | Orc:1    | Entered Level 1 of the Orcish Mines
 19585 | Orc:1    | Found Pijid's Antique Armour Emporium.
 19897 | Orc:1    | Noticed Erica
 19903 | Orc:1    | Killed Erica
 20068 | Orc:2    | Entered Level 2 of the Orcish Mines
 20398 | Orc:2    | Found a runed translucent door.
 20715 | Orc:2    | Found Juloshue's Magic Scroll Emporium.
 20715 | Orc:2    | Found Wimas's Magic Scroll Shoppe.
 20715 | Orc:2    | Found Plog's Book Shoppe.
 20722 | Orc:2    | Found Unkijaozer's Jewellery Emporium.
 20901 | Orc:2    | Found a runed translucent door.
 20904 | Orc:2    | Found the +10 tower shield of Ignorance {rN+ Int-4}
 20924 | Orc:2    | Found a staircase to the Elven Halls.
 21601 | Spider:1 | Entered Level 1 of the Spider Nest
 21609 | Spider:1 | Found a frozen archway.
 21653 | IceCv    | Entered an ice cave
 21723 | IceCv    | Reached XP level 17. HP: 129/133 MP: 26/26
 21832 | IceCv    | Reached skill level 12 in Fighting
 22935 | Spider:2 | Reached skill level 15 in Shields
 23415 | Spider:2 | Acquired the ring "Xeoliuxt" {rF++ AC+4 Dex+7 Slay+3}
 23811 | Spider:3 | Reached skill level 13 in Fighting
 24536 | Spider:3 | Reached XP level 18. HP: 144/144 MP: 28/28
 24764 | Spider:3 | Identified the cursed +0 ring mail "Okhinteca" {*Contam
                  | Harm rPois Stlth+} (You found it on level 3 of the Spider
                  | Nest)
 24954 | Orc:1    | Bought a pair of glowing boots for 172 gold pieces
 24954 | Orc:1    | Bought a pair of embroidered gloves for 172 gold pieces
 25285 | Shoals:1 | Entered Level 1 of the Shoals
 25311 | Shoals:1 | Found a runed translucent door.
 25313 | Shoals:1 | Noticed Eruh's ghost (adept MiBe)
 25357 | Shoals:1 | Killed Eruh's ghost
 25385 | Shoals:1 | Found Togg's Antique Weapon Shoppe.
 25956 | Shoals:2 | Found Douhen's Antique Weapon Shoppe.
 26142 | Shoals:2 | Reached skill level 14 in Fighting
 26331 | Shoals:2 | Acquired a manual of Armour
 26840 | Shoals:3 | Noticed Polyphemus
 26880 | Shoals:3 | Killed Polyphemus
 26919 | Shoals:3 | Got a wavering jade ring
 26977 | Shoals:3 | Identified the ring of Waykoc {Str+3 SInv} (You found it on
                  | level 3 of the Shoals)
 27451 | Shoals:4 | Entered Level 4 of the Shoals
 27474 | Shoals:4 | Noticed Ilsuiw
 27985 | Shoals:4 | Identified the Guide on the Blaze and Stolen Souls
 28093 | Shoals:4 | Reached skill level 15 in Fighting
 28093 | Shoals:4 | Reached XP level 19. HP: 92/155 MP: 29/29
 28339 | Shoals:4 | Killed Ilsuiw
 28445 | Shoals:4 | Reached skill level 15 in Armour
 28621 | Shoals:4 | Got a barnacled rune of Zot
 29153 | Spider:4 | Entered Level 4 of the Spider Nest
 29256 | Spider:4 | Reached skill level 15 in Invocations
 29737 | Spider:4 | Reached skill level 16 in Fighting
 30026 | Spider:4 | Got a gossamer rune of Zot
 30291 | Vaults:1 | Entered Level 1 of the Vaults
 30647 | Vaults:1 | Reached XP level 20. HP: 165/166 MP: 31/31
 30766 | Vaults:1 | Reached skill level 17 in Fighting
 31395 | Vaults:1 | Identified the +2 chain mail of the Bagpipe {-Tele Rampage
                  | Regen+} (You found it on level 1 of the Vaults)
 32096 | Vaults:2 | Acquired a manual of Polearms
 32413 | Vaults:2 | Reached skill level 18 in Fighting
 32428 | Vaults:2 | Found Xuoche's Armour Shop.
 32563 | Vaults:2 | Found a large runed translucent door.
 32563 | Vaults:2 | Found a large runed translucent door.
 32564 | Vaults:2 | Noticed hyperkahler's ghost (veteran MiFi)
 32712 | Vaults:2 | Found a staircase to the Crypt.
 33198 | Vaults:3 | Reached XP level 21. HP: 150/178 MP: 32/32
 33475 | Vaults:3 | Reached skill level 19 in Fighting
 33658 | Vaults:3 | You fall into a shaft and drop 1 floor!
 33778 | Vaults:4 | Found a magical portal.
 33787 | WizLab   | Entered Zonguldrok's Shrine
 34111 | WizLab   | Reached skill level 20 in Fighting
 34227 | WizLab   | Noticed an antique lich
 34242 | WizLab   | Killed an antique lich
 34246 | WizLab   | Found the +9 sword of Zonguldrok {reap}
 34966 | Vaults:3 | Reached skill level 21 in Fighting
 35105 | Vaults:3 | Reached XP level 22. HP: 191/194 MP: 33/33
 35438 | Vaults:4 | Noticed Donald
 35450 | Vaults:4 | Killed Donald
 35553 | Vaults:4 | Found a runed translucent gate.
 35553 | Vaults:4 | Found a runed translucent gate.
 35554 | Vaults:4 | Found a runed translucent gate.
 35555 | Vaults:4 | Noticed Morgon's ghost (adept PaAK)
 35637 | Vaults:4 | Killed Morgon's ghost
 35655 | Vaults:4 | Identified the +1 pair of gloves "Rada" {*Drain rElec rF+++
                  | Dex-4} (You found it on level 4 of the Vaults)
 35814 | Vaults:4 | Reached skill level 22 in Fighting
 37291 | Elf:1    | Entered Level 1 of the Elven Halls
 37520 | Elf:1    | Got a faintly glowing iron ring
 37521 | Elf:1    | Identified the ring "Isentoell" {Fire +Inv rPois Str+4
                  | Stlth-} (You found it on level 1 of the Elven Halls)
 37585 | Elf:1    | Identified the Disquisition on Dark Arts
 37588 | Elf:1    | Found a shimmering blue altar of Sif Muna.
 38308 | Elf:2    | Found a runed translucent gate.
 38308 | Elf:2    | Found a runed translucent gate.
 38312 | Elf:2    | Found a runed translucent gate.
 38319 | Elf:2    | Reached XP level 23. HP: 204/204 MP: 34/34
 38449 | Elf:2    | Found a gateway to a bazaar.
 38456 | Bazaar   | Entered a bazaar
 38456 | Bazaar   | Found Uqiotiri's Antique Weapon Shop.
 38456 | Bazaar   | Found Wim Qesa's Armour Boutique.
 38456 | Bazaar   | Found Nusyxug's Distillery.
 38456 | Bazaar   | Found Vypheopp's Magic Scroll Boutique.
 38456 | Bazaar   | Found Omnuesm's Jewellery Shop.
 38479 | Bazaar   | Bought a potion of curing for 33 gold pieces
 38479 | Bazaar   | Bought a potion of heal wounds for 55 gold pieces
 38479 | Bazaar   | Bought a potion of cancellation for 88 gold pieces
 38479 | Bazaar   | Bought a potion of might for 44 gold pieces
 38479 | Bazaar   | Bought a potion of curing for 33 gold pieces
 38479 | Bazaar   | Bought 2 potions of curing for 66 gold pieces
 38479 | Bazaar   | Bought a potion of invisibility for 88 gold pieces
 38479 | Bazaar   | Bought a potion of invisibility for 88 gold pieces
 38489 | Bazaar   | Bought a scroll of immolation for 70 gold pieces
 38489 | Bazaar   | Bought a scroll of fear for 70 gold pieces
 38489 | Bazaar   | Bought a scroll of fear for 70 gold pieces
 39106 | Depths:1 | Entered Level 1 of the Depths
 39110 | Depths:1 | Found a huge runed gate.
 39110 | Depths:1 | Found a huge runed gate.
 39110 | Depths:1 | Found a huge runed gate.
 39111 | Depths:1 | Found a huge runed gate.
 39111 | Depths:1 | Found a huge runed gate.
 39112 | Depths:1 | Found a huge runed gate.
 39113 | Depths:1 | Found a huge runed gate.
 39114 | Depths:1 | Found a huge runed gate.
 39116 | Depths:1 | Found a huge runed gate.
 39117 | Depths:1 | Found a huge runed gate.
 39118 | Depths:1 | Found a huge runed gate.
 39119 | Depths:1 | Found a huge runed gate.
 39120 | Depths:1 | Found a huge runed gate.
 39175 | Depths:1 | Found a huge runed gate.
 39175 | Depths:1 | Found a huge runed gate.
 39175 | Depths:1 | Found a huge runed gate.
 39175 | Depths:1 | Found a huge runed gate.
 39175 | Depths:1 | Found a huge runed gate.
 39187 | Depths:1 | Found a huge runed gate.
 39187 | Depths:1 | Found a huge runed gate.
 39188 | Depths:1 | Found a huge runed gate.
 39193 | Depths:1 | Found a huge runed gate.
 39193 | Depths:1 | Found a huge runed gate.
 39193 | Depths:1 | Found a huge runed gate.
 39193 | Depths:1 | Found a huge runed gate.
 39193 | Depths:1 | Found a huge runed gate.
 39193 | Depths:1 | Found a huge runed gate.
 39194 | Depths:1 | Found a huge runed gate.
 39195 | Depths:1 | Found a huge runed gate.
 39196 | Depths:1 | Found a huge runed gate.
 39204 | Depths:1 | Found a huge runed gate.
 39204 | Depths:1 | Found a huge runed gate.
 39207 | Depths:1 | Found a huge runed gate.
 39207 | Depths:1 | Found a huge runed gate.
 39208 | Depths:1 | Found a huge runed gate.
 39779 | Depths:1 | Found a gateway to Hell.
 39849 | Depths:1 | Found a one-way gate to the infinite horrors of the Abyss.
 39992 | Depths:2 | Found a corrupted altar of Lugonu.
 40380 | Depths:2 | Found Yczaih's Antique Armour Emporium.
 40559 | Depths:2 | Noticed Bai Suzhen
 40574 | Depths:2 | Killed Bai Suzhen
 40817 | Depths:2 | Identified the amulet "Pauh" {rF+ rC- Regen+ Dex+3 Slay+3}
 40830 | Depths:2 | Reached XP level 24. HP: 195/213 MP: 34/35
 41002 | Depths:2 | Reached skill level 23 in Fighting
 41316 | Depths:2 | You fall into a shaft and drop 1 floor!
 41625 | Depths:3 | Noticed Saint Roka
 41678 | Depths:3 | Noticed Sojobo
 41688 | Depths:3 | Killed Saint Roka
 41712 | Depths:3 | Killed Sojobo
 42096 | Depths:3 | Noticed a caustic shrike
 42103 | Depths:3 | Noticed a golden dragon
 42122 | Depths:3 | Killed a golden dragon
 42129 | Depths:3 | Killed a caustic shrike
 42464 | Depths:3 | Found a one-way gate leading to the halls of Pandemonium.
 42497 | Depths:3 | Reached XP level 25. HP: 210/221 MP: 35/35
 42604 | Depths:3 | Found a gateway to a ziggurat.
 43504 | Crypt:1  | Entered Level 1 of the Crypt
 44519 | Crypt:2  | Reached skill level 24 in Fighting
 44600 | Crypt:2  | Found a huge runed gate.
 44600 | Crypt:2  | Found a huge runed gate.
 44600 | Crypt:2  | Found a huge runed gate.
 44600 | Crypt:2  | Found a huge runed gate.
 44600 | Crypt:2  | Found a huge runed gate.
 44600 | Crypt:2  | Found a huge runed gate.
 44601 | Crypt:2  | Found a huge runed gate.
 44601 | Crypt:2  | Found a huge runed gate.
 44601 | Crypt:2  | Found a huge runed gate.
 44601 | Crypt:2  | Found a huge runed gate.
 44983 | Crypt:2  | Noticed a royal mummy
 44999 | Crypt:2  | Killed a royal mummy
 45203 | Crypt:2  | Noticed Mara
 45210 | Crypt:2  | Noticed Tirrikindir's illusion
 45237 | Crypt:2  | Killed Mara
 45311 | Crypt:2  | Reached skill level 10 in Dodging
 45462 | Crypt:2  | Noticed a royal mummy
 45463 | Crypt:2  | Noticed Khufu
 45483 | Crypt:2  | Killed Khufu
 45484 | Crypt:2  | Reached XP level 26. HP: 96/232 MP: 35/35
 45513 | Crypt:2  | Killed a royal mummy
 45772 | Crypt:2  | Found a huge runed gate.
 45772 | Crypt:2  | Found a huge runed gate.
 45772 | Crypt:2  | Found a huge runed gate.
 45772 | Crypt:2  | Found a huge runed gate.
 45772 | Crypt:2  | Found a huge runed gate.
 45772 | Crypt:2  | Found a huge runed gate.
 45772 | Crypt:2  | Found a huge runed gate.
 45772 | Crypt:2  | Found a huge runed gate.
 45772 | Crypt:2  | Found a huge runed gate.
 45786 | Crypt:2  | Found a huge runed gate.
 45786 | Crypt:2  | Found a huge runed gate.
 45786 | Crypt:2  | Found a huge runed gate.
 45787 | Crypt:2  | Found a huge runed gate.
 45788 | Crypt:2  | Found a huge runed gate.
 45806 | Crypt:2  | Found a huge runed gate.
 45807 | Crypt:2  | Found a huge runed gate.
 45808 | Crypt:2  | Found a huge runed gate.
 45809 | Crypt:2  | Found a huge runed gate.
 45810 | Crypt:2  | Found a huge runed gate.
 46122 | Orc:2    | Bought a scroll of enchant armour for 127 gold pieces
 46343 | Crypt:3  | Entered Level 3 of the Crypt
 47193 | Crypt:3  | Found an ancient bone altar of Kikubaaqudgha.
 47196 | Crypt:3  | Found a basalt altar of Yredelemnul.
 47267 | Crypt:3  | Found the +8 autumn katana {vorpal, Clar}
 47269 | Crypt:3  | Got a flickering golden ring
 47269 | Crypt:3  | Got a twitching granite ring
 47270 | Crypt:3  | Identified the ring of Hytocwat {rN+ Stlth+} (You found it
                  | on level 3 of the Crypt)
 47271 | Crypt:3  | Identified the ring "Duthrim" {rElec rC- rN+ Will+++
                  | Slay+2} (You found it on level 3 of the Crypt)
 47574 | Crypt:3  | Found a staircase to the Tomb.
 47591 | Crypt:3  | Reached skill level 25 in Fighting
 49006 | Depths:4 | Reached XP level 27. HP: 198/244 MP: 36/36
 49183 | Depths:4 | Reached skill level 26 in Fighting
 49297 | Depths:5 | Entered Level 5 of the Depths
 49347 | Depths:5 | Noticed a juggernaut
 49360 | Depths:5 | Killed a juggernaut
 49808 | Depths:5 | Found a gate to the Realm of Zot.
 50964 | Vaults:2 | Killed hyperkahler's ghost
 50974 | Vaults:2 | Got a brightly glowing marble ring
 50975 | Vaults:2 | Identified the ring "Cockiopli" {rN+ Int+6} (You found it
                  | on level 2 of the Vaults)
 51120 | Depths:1 | Identified the +8 broad axe "Mosischoi" {drain, *Contam
                  | +Inv Int+3 Dex+4}
 51162 | Depths:1 | Reached skill level 27 in Fighting
 51214 | Depths:1 | Identified the Tome of Igneous Curses
 51216 | Depths:1 | Identified the Papyrus of Enchantment
 51782 | Vaults:5 | Entered Level 5 of the Vaults
 52083 | Vaults:5 | Noticed an ancient lich
 52098 | Vaults:5 | Killed an ancient lich
 52237 | Vaults:5 | Noticed an ancient lich
 52269 | Vaults:5 | Killed an ancient lich
 53061 | Vaults:5 | Reached skill level 10 in Evocations
 53368 | Vaults:5 | Got a silver rune of Zot
 53497 | Vaults:5 | Identified The Lost Compendium of Boris
 53946 | Vaults:5 | Got a fine wooden ring
 53947 | Vaults:5 | Identified the ring "Faza Kat" {rC++ rN+} (You found it on
                  | level 5 of the Vaults)
 55685 | Elf:3    | Entered Level 3 of the Elven Halls
 56377 | Elf:3    | Got a twitching glass ring
 56378 | Elf:3    | Identified the cursed ring "Nimuvuawn" {EV-4 Str+4 Dex-3}
                  | (You found it on level 3 of the Elven Halls)
 56483 | Elf:3    | Identified the +0 robe of Insurance {rN+}
 56507 | Elf:3    | Found the +3 Elemental Staff {rElec rF++ rC++ Will++ AC+5}
 56544 | Elf:3    | Identified the Guide on Earthen Black Rituals
 56554 | Elf:3    | Identified the cursed +0 plate armour of the Hills {Int+2}
                  | (You found it on level 3 of the Elven Halls)
 57073 | Hell     | Entered the Vestibule of Hell
 57073 | Hell     | Noticed Geryon
 57090 | Hell     | Killed Geryon
 58010 | Hell     | Found a gateway to the ashen valley of Gehenna.
 58149 | Hell     | Found a gateway to the Iron City of Dis.
 58372 | Hell     | Found a gateway to the decaying netherworld of Tartarus.
 58425 | Hell     | Found a gateway to the freezing wastes of Cocytus.
 58842 | Zot:1    | Entered Level 1 of the Realm of Zot
 59535 | Zot:1    | Acquired the +8 lance "Wyrmbane" {slay drac, rPois rF+ rC+
                  | AC+3}
 59536 | Zot:1    | Found the +8 lance "Wyrmbane" {slay drac, rPois rF+ rC+
                  | AC+3}
 61065 | Zot:3    | Noticed a Killer Klown
 61083 | Zot:3    | Noticed a Killer Klown
 61144 | Zot:3    | Killed a Killer Klown
 61156 | Zot:3    | Killed a Killer Klown
 61382 | Zot:3    | Noticed an orb of fire
 61387 | Zot:3    | Gained mutation: You are weak. (Str -2) [an orb of fire]
 61397 | Zot:3    | Gained mutation: Scrolls take you a little longer to read.
                  | [an orb of fire]
 61404 | Zot:3    | Killed an orb of fire
 61566 | Zot:3    | Got a faintly glowing lapis lazuli ring
 61569 | Zot:3    | Identified the ring "Eggijag" {Ice rPois Str-4 Int+4 SInv}
                  | (You found it on level 3 of the Realm of Zot)
 61579 | Zot:3    | Lost mutation: Scrolls take you a little longer to read.
                  | [potion of mutation]
 61579 | Zot:3    | Lost mutation: Your flesh is heat resistant. (rF+) [potion
                  | of mutation]
 61579 | Zot:3    | Gained mutation: You have large cloven feet. [potion of
                  | mutation]
 61579 | Zot:3    | Gained mutation: You are dopey. (Int -2) [potion of
                  | mutation]
 61579 | Zot:3    | Gained mutation: You expend magic power (3 MP) to
                  | strengthen your wands. [potion of mutation]
 61580 | Zot:3    | Lost mutation: You expend magic power (3 MP) to strengthen
                  | your wands. [potion of mutation]
 61580 | Zot:3    | Gained mutation: Your flesh is heat resistant. (rF+)
                  | [potion of mutation]
 61580 | Zot:3    | Gained mutation: You passively map a small area around you.
                  | [potion of mutation]
 61581 | Zot:3    | Lost mutation: You are clumsy. (Dex -2) [potion of
                  | mutation]
 61581 | Zot:3    | Lost mutation: You have large cloven feet. [potion of
                  | mutation]
 61581 | Zot:3    | Lost mutation: You are weak. (Str -2) [potion of mutation]
 61581 | Zot:3    | Gained mutation: You are partially covered in molten
                  | scales. (AC +2) [potion of mutation]
 61581 | Zot:3    | Gained mutation: Your spells are a little harder to cast,
                  | but a little more powerful. [potion of mutation]
 63535 | Zot:4    | Noticed a Killer Klown
 63538 | Zot:4    | Found a transporter.
 63541 | Zot:4    | Found a transporter.
 64374 | Zot:4    | Killed a Killer Klown
 64460 | Zot:5    | Entered Level 5 of the Realm of Zot
 64631 | Zot:5    | Noticed an orb of fire
 64648 | Zot:5    | Gained mutation: You are frail. (-10% HP) [an orb of fire]
 64653 | Zot:5    | Killed an orb of fire
 64966 | Zot:5    | Noticed a Killer Klown
 64982 | Zot:5    | Noticed an orb of fire
 64984 | Zot:5    | Noticed a Killer Klown
 64987 | Zot:5    | Noticed a Killer Klown
 64987 | Zot:5    | Noticed an orb of fire
 64989 | Zot:5    | Noticed an orb of fire
 64994 | Zot:5    | Noticed a Killer Klown
 64994 | Zot:5    | Noticed an ancient lich
 64996 | Zot:5    | Noticed a Killer Klown
 65000 | Zot:5    | Noticed a Killer Klown
 65001 | Zot:5    | Lost mutation: You are dopey. (Int -2) [an orb of fire]
 65002 | Zot:5    | Gained mutation: Your magical capacity is low. (-10% MP)
                  | [an orb of fire]
 65004 | Zot:5    | Noticed a Killer Klown
 65005 | Zot:5    | Noticed a Killer Klown
 65005 | Zot:5    | Gained mutation: Armour fits poorly on your strangely
                  | shaped body. [an orb of fire]
 65007 | Zot:5    | Noticed an ancient lich
 65008 | Zot:5    | Killed an orb of fire
 65008 | Zot:5    | Gained mutation: Scrolls take you a little longer to read.
                  | [an orb of fire]
 65012 | Zot:5    | Gained mutation: You are clumsy. (Dex -2) [an orb of fire]
 65013 | Zot:5    | Killed an ancient lich
 65021 | Zot:5    | Lost mutation: Your spells are a little harder to cast, but
                  | a little more powerful. [an orb of fire]
 65023 | Zot:5    | Gained mutation: Scrolls take you longer to read. [an orb
                  | of fire]
 65025 | Zot:5    | Killed an orb of fire
 65030 | Zot:5    | Gained mutation: You are dopey. (Int -2) [an orb of fire]
 65042 | Zot:5    | Gained mutation: You occasionally shout uncontrollably at
                  | your foes. [an orb of fire]
 65044 | Zot:5    | HP: 10/224 [tentacled monstrosity (3)]
 65045 | Zot:5    | Killed from afar by a storm dragon

Illustrated notes

Levels and vault maps discovered:
D:1:      minmay_arrival_up_and_down, layout_loops_cross, nrook_mini_backslash,
          minivault_25, amcnicky_mini_rare_corridor_liquid, roderic_lattice_a,
          minmay_misc_feat_pillars
D:2:      layout_loops_ring, kennysheep_slug_shrine
D:3:      layout_loops_ring, ebering_ghost_reflecting_pool, uniq_robin
D:4:      layout_basic, fedhas_altar_3, grunt_temple_overflow_open,
          minmay_temple_entry_offerings, grunt_dithmenos_smoke, uniq_natasha
D:5:      layout_loops_ring, old_standard_altar, serial_shops,
          nicolae_shop_trees, chequers_decorated_corner
D:6:      minmay_general_purpose_star, layout_cave_pools, minivault_23,
          chequers_serial_rivers_small_b, elyvilon_altar_3
D:7:      layout_loops_cross, lemuel_mausoleum_altar_yredelemnul,
          uniq_prince_ribbit1
D:8:      layout_cave_pools, nemelex_lonely_heart_becter
D:9:      layout_basic, zin_treasury, gammafunk_ghost_berserking_beasts
D:10:     layout_rooms, david_lair_generic, serial_shops, shop,
          gammafunk_ghost_berserking_beasts, uniq_maggie
D:11:     layout_roguey, uniq_psyche
D:12:     layout_gridville, minmay_orc_entry_guard_dogs, dk_noncrumbling_4,
          tgw_lugonu_bribe
D:13:     layout_rooms, roderic_st_hans_cross, tgw_sif, uniq_frances
D:14:     layout_roguey, david_vaults_2, basic_altar,
          chequers_serial_rivers_micro_c, gammafunk_ghost_necromancy
D:15:     grunt_enter_depths_hoard, layout_irregular_city, serial_park_tiny_1,
          nicolae_ru_awakened_eye, uniq_agnes
Temple:   minmay_temple_curvy_loop
Lair:1:   layout_hall_layers
Lair:2:   layout_roguey, grunt_megastairs_2, minmay_lair_oklob_chamber
Lair:3:   layout_chaotic_city, minmay_shoals_entry_centaurs,
          spider_nest_entry_webs, st_stairs_7, grunt_megastairs_3
Lair:4:   wad_woods_minihive, layout_loops_ring, cheibrodos_lair_lostbears
Lair:5:   layout_cave_pods, slime_dummy, gauntlet_entry_generic
Lair:6:   gammafunk_lair_ancient_temple, layout_misc_corridors
Shoals:1: layout_shoals, serial_shops, nicolae_shop_behind_doors,
          ebering_ghost_inner_flame
Shoals:2: layout_shoals, serial_shops, shop
Shoals:3: layout_shoals, uniq_polyphemus
Shoals:4: shoals_end_grunt_garden, layout_shoals, shoals_ilsuiw_ice
Spider:1: layout_spider_delve, portal_ice_cave_entry_pillars_1
Spider:2: layout_spider_delve
Spider:3: layout_spider_delve
Spider:4: grunt_spider_rune_parallel, hangedman_spider_mandibles
Orc:1:    layout_caves, serial_shops, shop, uniq_erica
Orc:2:    st_orc_mages, layout_caves, chequers_guarded_unrand_ignorance
Elf:1:    layout_loops_ring, basic_altar, minmay_elf_necromancy, evilmike_ambush
          [evilmike_ambush_outer_basic, evilmike_ambush_inner_basic]
Elf:2:    layout_rooms, serial_shops, statue_bzr, einodemon_barbed_minivault
Elf:3:    elf_hall_gauntlet_narrow, layout_gridlike, minmay_misc_feat_five,
          minivault_25, minivault_25
Vaults:1: v_pattern_4, nicolae_vaults_lopsided_apartments, grunt_vaults_focal,
          v_alt_pattern_6, vaults_dpeg_cross, nicolae_vaults_network_quinsquares
          [nicolae_vaults_network_quincunx_subvault,
          nicolae_vaults_network_quincunx_subvault,
          nicolae_vaults_network_quincunx_subvault,
          nicolae_vaults_network_quincunx_subvault],
          ontoclasm_vaults_claustrophobia, v_misc_30, ontoclasm_vaults_hangar,
          hangedman_vaults_stream, nicolae_vaults_angled_halls,
          vaults_room_semicircle, grunt_vaults_hallway_short, v_misc_29,
          ontoclasm_vaults_pinch, grunt_vaults_bifocal,
          ontoclasm_vaults_gateway, layout_vaults_omnicross
Vaults:2: ebering_vaults_ghost_disaster_area, hangedman_vaults_corner_blocks,
          ontoclasm_vaults_decontamination, minmay_crypt_entry_simple_box,
          ontoclasm_vaults_ligature, vaults_dpeg_diagonal,
          nicolae_vaults_little_squares_6, layout_vaults_omnigrid, serial_shops,
          shop_statue
Vaults:3: hangedman_vaults_stretched_pinwheel,
          vaults_standard_mumra_enter_the_diamond, nicolae_vaults_specimen_jars,
          grunt_vaults_hallway_short, vaults_dpeg_hooks, grunt_vaults_trifunnel,
          v_misc_2, grunt_vaults_hallway_short, nicolae_vaults_three_branches,
          kb_rosetta, vaults_mumra_minichess, v_rooms_3,
          nicolae_vaults_little_squares_3, layout_vaults_omnibox
Vaults:4: gammafunk_vaults_ghost_necromancy, nicolae_vaults_network_periphery,
          ontoclasm_vaults_spin, vaults_dpeg_spiral, grunt_vaults_twisty,
          hangedman_vaults_slither, v_pattern_2, nicolae_vaults_quartermaster,
          nicolae_vaults_mini_display_case, layout_vaults_chaotic_city,
          mu_enter_wizlab_4, uniq_donald
Vaults:5
Crypt:1:  layout_chaotic_city, grunt_crypt_arrival_guarded_gate
Crypt:2:  lemuel_minitomb, layout_chaotic_city, door_vault, grunt_megastairs_5,
          uniq_mara, uniq_margery, uniq_khufu
Crypt:3:  lightli_unholy_cathedral, layout_chaotic_city, feat_on_display
Depths:1: layout_long_grid, hell_entry, abyss_entry,
          hangedman_abyss_or_decor_jellyfish_corner, st_stairs_4, minivault_14,
          not_door_vault_due
Depths:2: minmay_textured_paths, layout_cave_shapes, minmay_tree_intersection,
          serial_shops, shop, abyss_entry_flame_altar, lightli_too_deep,
          infiniplex_staircase_spiral_double, firewood_loft, uniq_bai_suzhen
Depths:3: minmay_the_grid_net [minmay_the_grid_embedded,
          minmay_the_grid_tiny_cups, minmay_the_grid_square_x,
          minmay_the_grid_artifice, minmay_the_grid_plusring,
          minmay_the_grid_prize_big_room], layout_cave_shapes, enter_ziggurat_f,
          hellmouth_1, pan_entry, grunt_decor_one_mirror, serial_bayou_shore_b,
          uniq_sojobo, uniq_saint_roka
Depths:4: thingy_vault, layout_gridville, abyss_entry, roderic_filled_cross,
          grunt_pan_entry_spiral, hell_entry, infiniplex_staircase_river
Depths:5: evilmike_zot_entry_argh, layout_honeycomb,
          chequers_serial_rivers_large_b, pf_hell_entry_tar_river
Hell
Zot:1:    layout_twisted_circle, grunt_ministairs_8
Zot:2:    layout_misc_corridors
Zot:3:    hangedman_zot_vaults_quadrants, layout_cathedral_of_symmetry
Zot:4:    gammafunk_sealed_arena, layout_cathedral_of_symmetry
Zot:5:    layout_twisted_circle

Skill      XL: |  1  2  3  4  5  6  7  8  9 10 11 12 13 14 15 16 17 18 19 20 21 22 23 24 25 26 27 |
---------------+----------------------------------------------------------------------------------+-----
Shields        | 4 5 6 7 9 11 12 13 14 15 16 17 18 21 | 21.8
Polearms       | 3 4 5 7 10 11 12 13 14 15 16 17 18 19 20 21 25 | 25.5
Armour         | 4 5 6 8 9 11 12 13 14 16 18 19 20 22 | 22.0
Fighting       | 4 5 6 7 8 9 10 11 13 15 16 18 21 22 23 24 25 27 | 27.0
Invocations    | 2 4 6 7 8 9 10 12 13 14 15 16 17 18 21 | 21.8
Evocations     | 1 2 3 4 6 8 10 | 10.0
Dodging        | 3 4 5 6 7 9 10 12 | 12.0
Stealth        | 2 3 5 6 7 8 |  8.0

Action                   |  1- 3 |  4- 6 |  7- 9 | 10-12 | 13-15 | 16-18 | 19-21 | 22-24 | 25-27 || total
-------------------------+-------+-------+-------+-------+-------+-------+-------+-------+-------++-------
Melee: Trident           |    95 |   162 |    83 |       |       |       |       |       |       ||   340
       Spear             |       |       |   171 |   464 |   861 |  1633 |  1438 |  1536 |  2836 ||  8939
       Lance             |       |       |       |       |       |       |       |       |   745 ||   745
       Bardiche          |       |       |       |       |       |       |       |       |   543 ||   543
Invok: Shadow Form       |       |       |       |       |       |     1 |       |       |     2 ||     3
       Shadow Step       |       |       |       |       |       |       |       |       |     1 ||     1
 Abil: Dig               |     1 |     3 |     7 |    12 |    25 |    35 |     4 |    23 |    80 ||   190
       Evoke Flight      |       |       |       |       |     2 |     1 |     1 |     1 |     8 ||    13
       Stop Flying       |       |       |       |       |     1 |       |       |       |     6 ||     7
       End Transformatio |       |       |       |       |       |       |       |       |     1 ||     1
Evoke: Wand              |       |     2 |     2 |     7 |     2 |     9 |    25 |    14 |     5 ||    66
       Phial of floods   |       |       |       |       |       |       |       |     1 |     2 ||     3
       Condenser vane    |       |       |       |       |       |       |       |       |     8 ||     8
       Horn of Geryon    |       |       |       |       |       |       |       |       |     2 ||     2
       Tin of tremorston |       |       |       |       |       |       |       |       |     1 ||     1
  Use: Scroll            |     6 |     2 |     4 |     6 |     9 |    16 |     4 |     8 |    40 ||    95
       Potion            |       |       |       |     5 |     1 |     9 |     1 |     9 |    34 ||    59
 Stab: Sleeping          |       |       |       |       |    16 |    25 |    27 |    17 |       ||    85
       Distracted        |       |       |       |       |     1 |    11 |     8 |     2 |     3 ||    25
       Invisible         |       |       |       |       |       |    10 |       |       |     2 ||    12
       Petrified         |       |       |       |       |       |    11 |       |       |       ||    11
       Petrifying        |       |       |       |       |       |     2 |       |       |       ||     2
       Confused          |       |       |       |       |       |       |       |       |     1 ||     1
Armor: Scale mail        |    34 |    57 |    19 |       |   102 |   170 |   140 |   134 |       ||   656
       Plate armour      |       |       |    28 |    66 |    16 |       |       |       |       ||   110
       Gold dragon scale |       |       |       |       |       |       |       |     3 |  1048 ||  1051
Dodge: Dodged            |    25 |    41 |    34 |    72 |   195 |   278 |   191 |   215 |   901 ||  1952
Block: Kite shield       |    33 |    71 |   101 |   164 |   325 |   240 |       |       |       ||   934
       Tower shield      |       |       |       |       |       |   854 |  1295 |  1266 |  4456 ||  7871
